 Dungeon Crawl Stone Soup version 0.29.1-15-g9cfb28693d (webtiles) character file.

Game seed: 18310829336205566170

48 hawla the Firebug (level 4, 0/33 HPs)
             Began as a Meteoran Fire Elementalist on Mar 2, 2023.
             Slain by a centaur (1 damage)
             ... on level 5 of the Dungeon.
             The game lasted 00:02:07 (189 turns).

hawla the Firebug (Meteoran Fire Elementalist)       Turns: 189, Time: 00:02:08

Health: 0/33       AC:  2    Str:  9    XL:     4   Next: 18%
Magic:  10/10      EV: 12    Int: 18    God:
Gold:   11         SH:  0    Dex: 15    Spells: 6/9 levels left

rFire   . . .      SeeInvis .   (no weapon)
rCold   . . .      Faith    .   (no shield)
rNeg    . . .      Spirit   .   a - +0 robe
rPois   .          Reflect  .   (no helmet)
rElec   .          Harm     .   (no cloak)
rCorr   .          Rampage  .   (no gloves)
Will    .....                   (no boots)
Stlth   +.........              (no amulet)
HPRegen 0.11/turn               (no ring)
MPRegen 0.12/turn               (no ring)

@: glowing
A: sense surroundings 1, otherworldly, glowing, explore regen
a: no special abilities


You were on level 5 of the Dungeon.
You visited 1 branch of the dungeon, and saw 5 of its levels.

You collected 11 gold pieces.

Inventory:

Armour
 a - a +0 robe (worn)
Scrolls
 c - a scroll of amnesia {unknown}
 e - a scroll of blinking {unknown}
 g - 3 scrolls of magic mapping {unknown}
Potions
 b - a potion of magic
 d - a potion of curing {unknown}
 f - a potion of mutation {unknown}


   Skills:
 + Level 0.1 Fighting
 + Level 2.6 Dodging
 - Level 1.4 Stealth
 + Level 3.4 Spellcasting
 + Level 1.6 Conjurations
 + Level 4.7 Fire Magic


You had 6 spell levels left.
You knew the following spells:

 Your Spells              Type           Power      Damage    Failure   Level
a - Foxfire               Conj/Fire      56%        2x1d6     4%          1
b - Scorch                Fire           40%        2d7       3%          2

Your spell library contained the following spells:

 Spells                   Type           Power      Damage    Failure   Level
 Shock                    Conj/Air       24%        1d4       11%         1
 Conjure Flame            Conj/Fire      14%        6-21      13%         3
 Inner Flame              Hex/Fire       11%        N/A       17%         3
 Flame Wave               Conj/Fire      14%        2d6       38%         4
 Swiftness                Air            3%         N/A       43%         3
 Airstrike                Air            1%         2d(1-17)  83%         4


Dungeon Overview and Level Annotations

Branches:
Dungeon (4/15) Zot: 2799
 Temple: D:4-7

Altars:

Annotations:
D:4 Blork the orc


Innate Abilities, Weirdness & Mutations

You passively map a small area around you.
You are easily found by Zot.
You glow in the dark.
You regain HP and MP as you explore.


Message History

There is a stone staircase leading up here.
The gnoll is no longer more vulnerable to fire.
The gnoll hits you with a +0 flail!
You climb upwards.
There is a stone staircase leading down here.
Casting: Scorch (safe; 3% risk of failure)
Confirm with . or Enter, or press ? or * to list all spells.
Flames lash the gnoll.
You kill the gnoll!
You have reached level 4!
A hobgoblin comes into view.
The hobgoblin shouts!
Casting: Scorch (safe; 3% risk of failure)
Confirm with . or Enter, or press ? or * to list all spells.
You conjure some foxfire!
The foxfire hits the hobgoblin.
The hobgoblin is severely wounded.
The foxfire hits the hobgoblin.
You kill the hobgoblin!
Found 4 poisoned darts.
There is a shaft here.
You fall into a shaft and drop 2 floors!
The shaft crumbles and collapses.
Magic restored.
HP restored.
Found 3 scrolls labelled BUPTOARISKA.
g - 3 scrolls labelled BUPTOARISKA A centaur comes into view.
Found a black potion.
The centaur shouts!
The centaur wields a +0 shortbow.
The centaur shoots an arrow.
The arrow hits you.
The centaur shoots an arrow.
The arrow hits you!
The centaur shoots an arrow.
The arrow hits you.
The centaur shoots an arrow.
The arrow closely misses you.
You see here a black potion.
You are too injured to fight recklessly!
You are too injured to fight recklessly!
The centaur shoots an arrow.
The arrow hits you!
* * * LOW HITPOINT WARNING * * *
The centaur unwields a +0 shortbow.
The centaur hits you.
You die...

, * * , ...# , * , ,
..#* *## ,* # *... .#
* , * #. #.#* *.# * ,
, * , #.##.# .# ,
#....####.#* *
#c......# , **
#.@.!...# , *
###########.###.###
*, ,
#.................. *
#...........#######**
#...........#
#...........#
#...........#
#...........#
#...........#


You could see a centaur.

Vanquished Creatures
  Natasha (D:2)
  A gnoll (D:3)
  A worm (D:2)
  3 endoplasms
  A hobgoblin (D:3)
  A bat (D:1)
  2 frilled lizards
  2 rats
12 creatures vanquished.

Vanquished Creatures (others)
  31 foxfires
31 creatures vanquished.

Grand Total: 43 creatures vanquished

Notes
Turn   | Place    | Note
-------+----------+-------------------------------------------
     0 | D:1      | hawla the Meteoran Fire Elementalist began the quest for
                  | the Orb.
     0 | D:1      | Reached XP level 1. HP: 14/14 MP: 5/5
    89 | D:2      | Noticed Natasha
   101 | D:2      | Killed Natasha
   102 | D:2      | Reached skill level 4 in Fire Magic
   102 | D:2      | Reached XP level 2. HP: 4/20 MP: 1/7
   102 | D:2      | Reached XP level 3. HP: 5/26 MP: 1/8
   105 | D:2      | Learned a level 2 spell: Scorch
   159 | D:4      | Noticed Blork the orc
   166 | D:3      | Reached XP level 4. HP: 19/33 MP: 6/10
   172 | D:3      | You fall into a shaft and drop 2 floors!
   172 | D:5      | Entered Level 5 of the Dungeon
   185 | D:5      | Noticed a centaur
   188 | D:5      | HP: 1/33 [centaur/arrow (12)]
   189 | D:5      | Slain by a centaur

Illustrated notes

Levels and vault maps discovered:
D:1:      erik_arrival_blinker_ship, layout_loops_ring, basic_ecumenical_altar,
          hex_tiny
D:2:      layout_rooms, basic_altar, uniq_natasha
D:3:      layout_rooms, lemuel_coloured_pillars_altar, elyvilon_altar_3,
          gammafunk_ghost_nasty_kobolds, serial_shops, nicolae_diamond_shop
D:4:      layout_basic, hangedman_ru_absence, uniq_menkaure, uniq_blork_the_orc,
          uniq_eustachio
D:5:      minmay_razor_zed, layout_basic, temple_fountains

Skill      XL: |  1 |
---------------+----+-----
Spellcasting   | 3 |  3.4
Fire Magic     | 4 |  4.7
Fighting       | |  0.1
Dodging        | |  2.6
Stealth        | |  1.4
Conjurations   | |  1.6

Action                   |  1- 3 |  4- 6 || total
-------------------------+-------+-------++-------
Melee: Unarmed           |     5 |       ||     5
       Punch             |     1 |       ||     1
 Cast: Foxfire           |    18 |     1 ||    19
       Scorch            |     2 |       ||     2
Armor: Robe              |     3 |       ||     3
Dodge: Dodged            |    13 |     1 ||    14
